 Dungeon Crawl Stone Soup version 0.30.1-3-gfc49f6343a (webtiles) character file.

Game seed: 3709855963349794848

17901 spardeous the Placeless Demigod (level 11, -12/85 HPs)
             Began as a Demigod Conjurer on July 29, 2023.
             Mangled by a two-headed ogre
             ... wielding a +0 giant club
              (20 damage)
             ... on level 13 of the Dungeon.
             The game lasted 00:24:21 (13554 turns).

spardeous the Placeless Demigod (Demigod Conjurer) Turns: 13554, Time: 00:24:21

Health: -12/85     AC:  6    Str: 12    XL:     11   Next: 96%
Magic:  2/29       EV:  8    Int: 37    God:
Gold:   841        SH:  0    Dex: 15    Spells: 13/30 levels left

rFire   + . .        t - +9 halberd "Meamal" {speed, rF+ Int+3 Dex-3}
rCold   . . .        (shield currently unavailable)
rNeg    . . .        U - +0 troll leather armour
rPois   .            O - +1 helmet of Kikubaaqudgha's Pride {SInv}
rElec   .            (no cloak)
rCorr   .            (no gloves)
SInv    +            (no boots)
Will    +....        h - amulet of regeneration
Stlth   ++           o - +6 ring of dexterity
HPRegen 1.94/turn    D - +6 ring of intelligence
MPRegen 0.21/turn

%: no passive effects
@: grasped by roots, constricted
A: high MP 1, forlorn, divine attributes
a: no special abilities


You were on level 13 of the Dungeon.
You visited 1 branch of the dungeon, and saw 13 of its levels.

You collected 841 gold pieces.

Inventory:

Hand Weapons
 k - a +1 dagger of venom
 t - the +9 halberd "Meamal" (weapon) {speed, rF+ Int+3 Dex-3}
   (You found it on level 2 of the Dungeon)

   Int:       It affects your intelligence (+3).
   Dex:       It affects your dexterity (-3).
   rF:        It protects you from fire.
Missiles
 J - a throwing net
Armour
 a - a +0 robe
 q - the -1 pair of gloves of Panentheism {rElec Will- Dex+5}
   (You found it on level 2 of the Dungeon)

   Dex:       It affects your dexterity (+5).
   rElec:     It insulates you from electricity.
   Will:      It decreases your willpower.
 K - a +0 kite shield
 O - the +1 helmet of Kikubaaqudgha's Pride (worn) {SInv}
   (You acquired it on level 11 of the Dungeon)

   SInv:      It lets you see invisible.
 R - a +0 leather armour
 U - a +0 troll leather armour (worn)
Jewellery
 c - a ring of willpower
 h - an amulet of regeneration (around neck)
 o - a +6 ring of dexterity (left hand)
 p - a ring of poison resistance
 x - a ring of willpower
 D - a +6 ring of intelligence (right hand)
 F - a +5 ring of evasion
 Q - a +5 ring of evasion
 S - a ring of positive energy
Wands
 u - a wand of flame (31)
 I - a wand of paralysis (20)
 M - a wand of iceblast (35)
 V - a wand of polymorph (7)
 W - a wand of mindburst (8)
Scrolls
 e - 4 scrolls of poison
 f - 4 scrolls of enchant weapon {unknown}
 i - 4 scrolls of magic mapping {unknown}
 j - 6 scrolls of immolation
 n - 2 scrolls of torment {unknown}
 v - a scroll of vulnerability {unknown}
 y - 2 scrolls of blinking {unknown}
 A - a scroll of butterflies {unknown}
 C - 2 scrolls of amnesia {unknown}
 E - 3 scrolls of teleportation {unknown}
 G - 3 scrolls of noise {unknown}
 P - a scroll of silence
 Y - a scroll of fog
 Z - a scroll of identify
Potions
 b - 3 potions of magic
 d - 2 potions of might
 g - 2 potions of lignification
 l - 5 potions of heal wounds
 m - 9 potions of curing {unknown}
 r - 3 potions of brilliance
 s - a potion of mutation
 w - a potion of invisibility
 z - 2 potions of flight {unknown}
 B - a potion of cancellation
 H - 4 potions of degeneration {unknown}
 L - a potion of resistance
 N - a potion of berserk rage
 T - a potion of haste
 X - 2 potions of attraction {unknown}


   Skills:
 - Level 4.5 Fighting
 - Level 1.7 Dodging
 - Level 1.7 Stealth
 - Level 10.0 Spellcasting
 - Level 10.0 Conjurations
 + Level 3.2 Necromancy
 - Level 10.2 Translocations
 + Level 3.2 Earth Magic


You had 13 spell levels left.
You knew the following spells:

 Your Spells              Type           Power      Damage    Failure   Level
a - Magic Dart            Conj           100%       1d8       1%          1
b - Searing Ray           Conj           100%       2d8       1%          2
c - Iskenderun's Mystic   Conj/Tloc      76%        2d15      1%          4
d - Iskenderun's Battles  Conj           75%        2d12      1%          5
e - Borgnjor's Vile Clut  Necr/Erth      21%        N/A       21%         5

Your spell library contained the following spells:

 Spells                   Type           Power      Damage    Failure   Level
 Apportation              Tloc           100%       N/A       1%          1
 Necrotise                Necr           100%       1d9       1%          1
 Sublimation of Blood     Necr           42%        N/A       1%          2
 Dazzling Flash           Conj/Hex       100%       N/A       1%          3
 Mephitic Cloud           Conj/Pois/Air  43%        N/A       1%          3
 Summon Small Mammal      Summ           72%        N/A       2%          1
 Fulminant Prism          Conj/Hex       27%        3d13      3%          4
 Call Imp                 Summ           36%        N/A       4%          2
 Wereblood                Tmut           18%        N/A       4%          2
 Animate Dead             Necr           42%        N/A       8%          4
 Iron Shot                Conj/Erth      30%        9d6       28%         6
 Death Channel            Necr           21%        N/A       75%         6
 Spellforged Servitor     Conj/Summ      27%        N/A       96%         7
 Summon Hydra             Summ           9%         N/A       100%        7


Dungeon Overview and Level Annotations

Branches:
Dungeon (13/15)            Temple (0/1) D:7            Lair (0/5) D:10
    Orc (0/2) D:10
 Vaults: D:13-14

Shops:
D:6 (   D:7 *:[

Annotations:
D:7 3 runed translucent doors, shmup's ghost, novice TeFE
D:13 Frances; Jorgrun


Innate Abilities, Weirdness & Mutations

You have an increased reservoir of magic. (+10% MP)
You shall have no god before yourself.
Your divine heritage dramatically boosts your attributes as you level up.


Message History

You struggle to resist.
Jorgrun casts a spell at you. The iron shot hits you!!!
You take 41 damage, and have 44/85 hp.
MASSIVE DAMAGE!!
Found a helmet.
The two-headed ogre barely misses you.
The two-headed ogre hits you with a +0 giant spiked club!!
* * * LOW HITPOINT WARNING * * *
You take 16 damage, and have 28/85 hp.
The two-headed ogre attacks as you move away!
The two-headed ogre closely misses you. x2
The brown ugly thing attacks as you move away!
The brown ugly thing pecks you but does no damage.
A two-headed ogre comes into view.
It is wielding two +0 giant spiked clubs.
Jorgrun casts a spell at you.
Roots burst forth from the earth!
The grasping roots grab you! The grasping roots constrict you!!
* * * LOW HITPOINT WARNING * * *
There is a stone staircase leading up here.
You take 16 damage, and have 12/85 hp.
Casting: Iskenderun's Mystic Blast (safe; 1% risk of failure)
Confirm with . or Enter, or press ? or * to list all spells.
You erupt in a blast of force!
The mystic blast hits the brown ugly thing!!
The brown ugly thing is severely wounded.
The brown ugly thing is knocked back by the mystic blast.
The sentinel's mark upon you fades away.
A kobold brigand comes into view.
It is wielding a +0 short sword and quivering poisoned darts.
The grasping roots constrict you!
* * * LOW HITPOINT WARNING * * *
You take 6 damage, and have 6/85 hp.
You now have 2/29 mp.
Casting: Iskenderun's Mystic Blast (safe; 1% risk of failure)
Confirm with . or Enter, or press ? or * to list all spells.
You don't have enough magic to cast this spell.
Okay, then.
You feel much better.
The two-headed ogre hits you with a +0 giant club!!
* * * LOW HITPOINT WARNING * * *
The two-headed ogre hits you with a +0 giant spiked club!!
You die...

#># #.# #.# #.# #u#
#.######.##### #.# #.#
##.[K........^# #.# .)#
##..##...####..#####.## ####
#..O.u....###.......(.###
...##.g.....#............#
.......#.....##...#####..#.#
#..#.#.##..O#............#.#
..##......).@.......###..#.#
.# ##.###.##.......# #..#.#
# #.####...### #..#.# #.#
#...# #..#.# #.#
#########..#.# #.#
#........#.# [. #.######.#.#
#.# #.#.# #.# #.#.##


You could see Jorgrun, a brown ugly thing, 2 two-headed ogres and a kobold
brigand.

Vanquished Creatures
  A hydra (D:13)
  6 two-headed ogres
  A tengu warrior (D:13)
  An orc knight (D:12)
  An ugly thing (D:13)
  A cyclops (D:12)
  A gargoyle (D:12)
  2 unseen horrors
  A kobold demonologist (D:11)
  A rime drake (D:10)
  4 trolls
  A polar bear (D:10)
  Grinder (D:5)
  Sigmund (D:5)
  A shadow (D:12)
  2 wraiths (D:9)
  A vampire (D:9)
  21 yaks
  6 vampire mosquitoes
  An acid dragon (D:10)
  Duvessa (D:5)
  6 orc warriors
  5 black bears
  5 ice beasts
  A sky beast (D:7)
  4 ogres
  3 wolves (D:10)
  4 centaurs
  3 gnoll sergeants
  4 scorpions (D:5)
  7 wights
  Dowan (D:5)
  12 killer bees (D:9)
  An orc priest (D:9)
  2 hounds
  Jessica (D:3)
  4 iguanas
  2 sleepcaps
  4 orc wizards
  17 gnolls
  13 adders
  A shadow imp (D:6)
  2 white imps (D:5)
  2 worms
  5 dart slugs
  30 orcs
  5 bats
  5 endoplasms
  6 giant cockroaches
  4 goblins
  5 hobgoblins
  3 quokkas
  4 ball pythons
  3 frilled lizards
  4 kobolds
  5 rats
239 creatures vanquished.

Notes
Turn   | Place    | Note
-------+----------+-------------------------------------------
     0 | D:1      | spardeous the Demigod Conjurer began the quest for the Orb.
     0 | D:1      | Reached XP level 1. HP: 14/14 MP: 5/5
   672 | D:1      | Reached XP level 2. HP: 20/20 MP: 5/7
  1527 | D:2      | Identified the +9 halberd "Meamal" {speed, rF+ Int+3 Dex-3}
  1635 | D:2      | Reached XP level 3. HP: 26/26 MP: 6/9
  1679 | D:2      | Identified the -1 pair of gloves of Panentheism {rElec
                  | Will- Dex+5}
  1750 | D:2      | Learned a level 2 spell: Searing Ray
  2319 | D:3      | Noticed Jessica
  2325 | D:3      | Killed Jessica
  2326 | D:3      | Reached XP level 4. HP: 33/33 MP: 5/11
  2931 | D:3      | Learned a level 4 spell: Iskenderun's Mystic Blast
  2949 | D:4      | Noticed a black bear
  2958 | D:4      | Killed a black bear
  2959 | D:4      | Reached skill level 5 in Conjurations
  2959 | D:4      | Reached XP level 5. HP: 29/38 MP: 2/13
  3733 | D:5      | Entered Level 5 of the Dungeon
  3779 | D:5      | Reached XP level 6. HP: 45/45 MP: 10/15
  3907 | D:5      | Noticed Duvessa
  3907 | D:5      | Noticed Dowan
  3918 | D:5      | Killed Duvessa
  3922 | D:5      | Killed Dowan
  4217 | D:5      | Reached skill level 5 in Spellcasting
  4217 | D:5      | Reached XP level 7. HP: 50/50 MP: 12/18
  4441 | D:5      | Noticed Grinder
  4442 | D:5      | Noticed Sigmund
  4458 | D:5      | Paralysed by Sigmund for 4 turns
  4473 | D:5      | Killed Sigmund
  4598 | D:5      | Paralysed by Grinder for 2 turns
  4603 | D:5      | Killed Grinder
  4604 | D:5      | Reached XP level 8. HP: 57/57 MP: 6/20
  5342 | D:5      | Learned a level 5 spell: Iskenderun's Battlesphere
  5464 | D:6      | Reached skill level 1 in Translocations
  5777 | D:6      | Found Jado's Antique Weapon Shop.
  6261 | D:7      | Found Cysikho's Book Boutique.
  6443 | D:7      | Found Mierphau's Armour Emporium.
  6523 | D:7      | Found a runed translucent gate.
  6524 | D:7      | Found a runed translucent gate.
  6525 | D:7      | Found a runed translucent gate.
  6525 | D:7      | Noticed shmup's ghost (novice TeFE)
  6525 | D:7      | Noticed a boulder beetle
  6535 | D:7      | Reached XP level 9. HP: 41/60 MP: 15/24
  6895 | D:7      | Found a staircase to the Ecumenical Temple.
  6963 | D:7      | Found Woiwker's Fire Supplies.
  7668 | D:8      | Noticed a two-headed ogre
  7671 | D:8      | Killed a two-headed ogre
  7768 | D:8      | You fall into a shaft and drop 3 floors!
  7778 | D:11     | Identified a scroll of acquirement
  7780 | D:11     | Acquired the +1 helmet of Kikubaaqudgha's Pride {SInv}
  7802 | D:11     | Reached skill level 5 in Translocations
  7931 | D:11     | Noticed a kobold demonologist
  7933 | D:11     | Killed a kobold demonologist
  7934 | D:11     | Reached XP level 10. HP: 69/69 MP: 17/26
  8251 | D:11     | Noticed a two-headed ogre
  8270 | D:11     | Killed a two-headed ogre
  8271 | D:11     | Reached skill level 10 in Conjurations
  8501 | D:10     | Entered Level 10 of the Dungeon
 10206 | D:10     | Reached skill level 10 in Spellcasting
 10298 | D:10     | Reached XP level 11. HP: 74/74 MP: 17/29
 10904 | D:10     | Found a staircase to the Lair.
 11197 | D:10     | Found a staircase to the Orcish Mines.
 11622 | D:12     | Reached skill level 10 in Translocations
 12000 | D:12     | Reached skill level 1 in Fighting
 12144 | D:12     | Noticed a two-headed ogre
 12155 | D:12     | Noticed a boulder beetle
 12156 | D:12     | Killed a two-headed ogre
 12494 | D:12     | Noticed an orc knight
 12503 | D:12     | Killed an orc knight
 12936 | D:13     | Noticed a two-headed ogre
 12941 | D:13     | Killed a two-headed ogre
 12948 | D:13     | Learned a level 5 spell: Borgnjor's Vile Clutch
 13026 | D:13     | Noticed a six-headed hydra
 13041 | D:13     | Killed a six-headed hydra
 13042 | D:13     | Reached skill level 1 in Necromancy
 13042 | D:13     | Reached skill level 1 in Earth Magic
 13201 | D:13     | Noticed a two-headed ogre
 13214 | D:13     | Killed a two-headed ogre
 13300 | D:13     | Noticed a two-headed ogre
 13321 | D:13     | Killed a two-headed ogre
 13473 | D:13     | Noticed Frances
 13473 | D:13     | Noticed a two-headed ogre
 13520 | D:13     | Noticed a tengu warrior
 13526 | D:13     | Killed a tengu warrior
 13544 | D:13     | Noticed Jorgrun
 13552 | D:13     | Noticed a two-headed ogre
 13554 | D:13     | Mangled by a two-headed ogre

Illustrated notes

Levels and vault maps discovered:
D:1:      dpeg_cavernosity, layout_basic, hellmonk_ecumenical_altar_blasted,
          hangedman_glass_teeth
D:2:      layout_loops_ring
D:3:      layout_rooms, small_statue_intersection, uniq_jessica
D:4:      layout_rooms
D:5:      layout_rooms, minmay_quadrilaterals, uniq_sigmund, uniq_duvessa,
          uniq_grinder
D:6:      layout_rooms, serial_shops, shop, chequers_serial_rivers_marsh
D:7:      layout_cave_pools, grunt_temple_overflow_open,
          nicolae_overflow_hallway_of_the_gods, temple_green, serial_shops,
          shop_statue, nicolae_shop_just_a_little_nook, gammafunk_ghost_split,
          corexii_checkpoint_b, nicolae_shop_fire_sale [nicolae_sub_dead_trees]
D:8:      layout_loops_ring, marbit_many_paths
D:9:      layout_small_grid, general_overflow_altar
D:10:     layout_loops_ring, hellmonk_lair_entry_icy, david_orc_4
D:11:     layout_basic
D:12:     layout_loops_ring
D:13:     layout_loops_ring, hangedman_vaults_entry_quadrant_bands,
          uniq_jorgrun, uniq_frances

Skill      XL: |  1  2  3  4  5  6  7  8  9 10 11 |
---------------+----------------------------------+-----
Spellcasting   | 2 3 4 5 6 7 8 10 | 10.0
Conjurations   | 4 5 6 7 8 9 10 | 10.0
Translocations | 2 5 7 10 | 10.2
Fighting       | 4 |  4.5
Necromancy     | 3 |  3.2
Earth Magic    | 3 |  3.2
Dodging        | |  1.7
Stealth        | |  1.7

Action                     |  1- 3 |  4- 6 |  7- 9 | 10-12 || total
---------------------------+-------+-------+-------+-------++-------
  Melee: Unarmed           |     3 |       |       |       ||     3
         Halberd           |     2 |     3 |     8 |    21 ||    34
   Cast: Magic Dart        |    77 |    82 |    38 |       ||   197
         Searing Ray       |       |    10 |    16 |     7 ||    33
         Iskenderun's Myst |       |       |    63 |   159 ||   222
         Iskenderun's Batt |       |       |       |     1 ||     1
    Use: Potion            |       |       |     1 |     1 ||     2
         Scroll            |       |       |    12 |     1 ||    13
 Armour: Robe              |     1 |     1 |    10 |       ||    12
         Leather armour    |       |       |     2 |       ||     2
         Troll leather arm |       |       |       |    15 ||    15
  Dodge: Dodged            |     6 |    22 |    37 |    56 ||   121
